 Dungeon Crawl Stone Soup version 0.15.0-16-gce31824 (webtiles) character file.

902 Johnny the Ruinous (level 7, 0/52 HPs)
             Began as a Red Draconian Conjurer on Sept 6, 2014.
             Was an Initiate of Sif Muna.
             Slain by rvm's ghost (11 damage)
             ... on Level 5 of the Dungeon.
             The game lasted 00:18:26 (5815 turns).

Johnny the Ruinous (Red Draconian Conjurer)         Turns: 5815, Time: 00:18:27

HP   0/52        AC  8     Str 11      XL: 7   Next: 80%
MP   2/17        EV 14     Int 17      God: Sif Muna [......]
Gold 301         SH  0     Dex 11      Spells:  4 memorised,  3 levels left

rFire  + . .     SeeInvis +     A - +2 scythe (distort)
rCold  . . .     Clarity  .     (armour unavailable)
rNeg   . . .     rCorr    .     (no shield)
rPois  +         rRot     .     (helmet restricted)
rElec  .         Spirit   .     p - +0 cloak
SustAb .         Warding  .     w - +0 pair of gloves
rMut   .         Stasis   .     (no boots)
Gourm  .                        (no amulet)
MR     +....                    y - ring "Zaacrari" {rPois MR+}
                                f - ring of see invisible

@: somewhat resistant to hostile enchantments, unstealthy
A: breathe fire, unfitting armour, fire resistance 1, cold-blooded, AC +6
a: Breathe Fire, Renounce Religion


You were on level 5 of the Dungeon.
You worshipped Sif Muna.
Sif Muna was noncommittal.
You were not hungry.

You visited 2 branches of the dungeon, and saw 6 of its levels.

You collected 301 gold pieces.

Inventory:

Hand weapons
 A - a +2 scythe of distortion (weapon)
Armour
 p - a +0 cloak (worn)
 w - a +0 pair of gloves (worn)
Comestibles
 b - 6 bread rations
 o - 3 fruits
 q - a beef jerky
Scrolls
 j - a scroll of recharging
 s - 3 scrolls of remove curse
Jewellery
 f - a ring of see invisible (left hand)
 h - an uncursed ring of fire
 m - an uncursed ring of poison resistance
 y - the ring "Zaacrari" (right hand) {rPois MR+}
   (You found it on level 4 of the Dungeon)

   [ring of protection from magic]

   It protects you from poison.
   It affects your resistance to hostile enchantments.
Potions
 e - a potion of heal wounds
 g - 3 potions of curing
 i - 2 potions of lignification
 k - a potion of haste
 r - a potion of flight {unknown}
 u - a potion of might {unknown}
 x - a potion of brilliance {unknown}
 z - a potion of cure mutation {unknown}
 C - a potion of agility
Books
 c - a book of Conjurations

   Spells                             Type                      Level
   *Magic Dart                        Conjuration                  1
   *Searing Ray                       Conjuration                  2
   *Dazzling Spray                    Conjuration/Hexes            3
   Fulminant Prism                    Conjuration/Hexes            4
   Iskenderun's Mystic Blast          Conjuration                  4
   *Iskenderun's Battlesphere         Conjuration/Charms           5


   Skills:
 + Level 1.5 Fighting
   Level 0.6 Short Blades
   Level 0.6(0.8) Axes
 + Level 0.6(0.8) Polearms
 * Level 5.2 Dodging
 + Level 2.6 Stealth
 * Level 4.0 Spellcasting
 * Level 6.2 Conjurations
 + Level 0.6 Hexes


You had 3 spell levels left.
You knew the following spells:

 Your Spells              Type           Power        Failure   Level  Hunger
a - Magic Dart            Conj           ###.         1%          1    None
b - Searing Ray           Conj           ###...       1%          2    ##.....
c - Dazzling Spray        Conj/Hex       ###.....     14%         3    ###....
d - Iskenderun's Battles  Conj/Chrm      ##......     95%         5    #####..


Dungeon Overview and Level Annotations

Branches:
Dungeon (5/15)             Temple (1/1) D:4

Altars:
Ashenzari
Cheibriados
Dithmenos
Elyvilon
Fedhas
Kikubaaqudgha
Nemelex Xobeh
Okawaru
Qazlal
Sif Muna
Vehumet
Xom
Yredelemnul
Zin
The Shining One

Annotations:
D:5 rvm's ghost, experienced DsGl


Innate Abilities, Weirdness & Mutations

You can breathe blasts of fire.
Your fiery red scales are hard (AC +6).
Your body does not fit into most forms of armour.
Your flesh is heat resistant.
Your cold-blooded metabolism reacts poorly to cold.


Message History

Rvm's ghost is severely damaged.
Rvm's ghost barely misses you.
Casting: Searing Ray
Confirm with . or Enter, or press ? or * to list all spells.
Aiming: Searing Ray
Press: ? - help, Shift-Dir - straight line, f/p - rvm's ghost
Aim: rvm's ghost (severely damaged)
The searing ray hits rvm's ghost.
Rvm's ghost is severely damaged.
Rvm's ghost hits you!
The searing ray hits rvm's ghost.
Rvm's ghost is severely damaged.
Rvm's ghost hits you!
The searing ray hits rvm's ghost.
Rvm's ghost is almost destroyed.
Rvm's ghost hits you!
* * * LOW HITPOINT WARNING * * *
There is a stone staircase leading up here.
Rvm's ghost hits you!
You die...

.##.###.# #[###.###.#
........# #.# #.# #.#
.##.###.# #.# #.# #.#
.##.###.# #.# #.# #.#
.##.....## ##.###.# #.#
.......^.###..[##.###.#
######.............##.#
#........#...##..##.#
#..#..#####...@.....#
#..#..# #####W.#### #.
#..# #..# . ...# #..#
.##.# #..# . .) ####..#
. #.....######
#.##(......#
#.########.#


You could see rvm's ghost.

Vanquished Creatures
  Eustachio (D:4)
  The ghost of Gigax the Charlatan, an average OpWn of Nemelex Xobeh (D:3)
  An ogre (D:4)
  Sigmund (D:4)
  Blork the orc (D:4)
  An orc priest (D:3)
  2 hounds (D:4)
  3 iguanas
  2 orc wizards
  2 worker ants
  6 adders
  A shadow imp (D:4)
  5 worms
  3 giant geckos
  8 orcs
  A bat skeleton (D:4)
  10 goblins
  4 hobgoblins
  2 jackals (D:2)
  5 bats
  6 giant cockroaches
  4 giant newts
  13 kobolds
  7 rats
90 creatures vanquished.

Notes
Turn   | Place    | Note
--------------------------------------------------------------
     0 | D:1      | Johnny, the Draconian Conjurer, began the quest for the Orb.
     0 | D:1      | Reached XP level 1. HP: 14/14 MP: 3/3
   792 | D:1      | Reached XP level 2. HP: 20/20 MP: 1/4
  1276 | D:2      | Learned a level 2 spell: Searing Ray
  1648 | D:2      | Reached XP level 3. HP: 18/26 MP: 0/6
  2309 | D:3      | Reached XP level 4. HP: 24/33 MP: 0/8
  2656 | D:3      | Noticed Gigax's ghost (average OpWn)
  2754 | D:3      | Reached XP level 5. HP: 38/38 MP: 4/9
  2865 | D:3      | Killed Gigax's ghost
  2865 | D:3      | Reached skill level 5 in Conjurations
  3018 | D:3      | Found a white marble altar of Elyvilon.
  3072 | D:3      | Reached XP level 6. HP: 42/46 MP: 8/13
  3077 | D:3      | Learned a level 3 spell: Dazzling Spray
  3805 | D:4      | Got a slimy lead ring
  3806 | D:4      | Noticed Sigmund
  3814 | D:4      | Killed Sigmund
  4034 | D:4      | Identified the ring "Zaacrari" {rPois MR+} (You found it on level 4 of the Dungeon)
  4524 | D:4      | Reached skill level 1 in Fighting
  4524 | D:4      | Your scales start taking on a fiery red colour.
  4524 | D:4      | Gained mutation: Your flesh is heat resistant. [draconian maturity]
  4524 | D:4      | Reached XP level 7. HP: 50/52 MP: 15/15
  4624 | D:4      | Noticed Blork the orc
  4639 | D:4      | Killed Blork the orc
  4754 | D:4      | Found a staircase to the Ecumenical Temple.
  4805 | D:4      | Noticed Eustachio
  4825 | D:4      | Killed Eustachio
  5064 | D:4      | Reached skill level 5 in Dodging
  5073 | D:4      | Reached skill level 6 in Conjurations
  5348 | Temple   | Entered the Ecumenical Temple
  5406 | Temple   | Became a worshipper of Sif Muna the Loreminder
  5447 | D:5      | Entered Level 5 of the Dungeon
  5695 | D:5      | Learned a level 5 spell: Iskenderun's Battlesphere
  5755 | D:5      | Noticed rvm's ghost (experienced DsGl)
  5815 | D:5      | Slain by rvm's ghost

Action                   |  1- 3 |  4- 6 |  7- 9 || total
-------------------------+-------+-------+-------++-------
Melee: Dagger            |    37 |    20 |       ||    57
       Club              |     5 |       |       ||     5
       Unarmed           |     3 |       |       ||     3
       War axe           |       |    48 |       ||    48
       Scythe            |       |    23 |    28 ||    51
 Cast: Magic Dart        |    82 |    22 |     6 ||   110
       Searing Ray       |     1 |    13 |     7 ||    21
       Dazzling Spray    |       |     9 |    16 ||    25
 Abil: Breathe Fire      |       |       |     3 ||     3
  Use: Potion            |     1 |       |       ||     1
       Scroll            |       |     7 |       ||     7
 Stab: Invisible         |       |     2 |       ||     2
       Distracted        |       |       |     1 ||     1
       Sleeping          |       |       |     1 ||     1
  Eat: Meat ration       |     1 |       |     1 ||     2
       Chunk             |       |     8 |     4 ||    12
       Fruit             |       |     1 |       ||     1
